 Dungeon Crawl Stone Soup version 0.26-a0-663-g36e8fdb655 (webtiles) character file.

Game seed: 12916271727201661415

331380 jasper the Severer (level 21, -4/168 HPs)
             Began as a Gnoll Berserker on Oct 11, 2020.
             Was a High Priest of Cheibriados.
             Slain by a stone giant (43 damage)
             ... created by the rage of Trog
             ... on level 4 of the Vaults.
             The game lasted 01:34:48 (49849 turns).

jasper the Severer (Gnoll Berserker)               Turns: 49849, Time: 01:34:49

Health: -4/168     AC: 48    Str: 37    XL:     21   Next: 76%
Magic:  35/39      EV: 22    Int: 31    God:    Cheibriados [*****.]
Gold:   1979       SH: 22    Dex: 32    Spells: 14/48 levels left

rFire    + . .     SeeInvis +   m - +8 broad axe (flame)
rCold    + . .     Faith    .   s - +5 kite shield
rNeg     + + .     Spirit   .   d - +13 crystal plate armour "Egont" {rN++}
rPois    .         Reflect  .   (helmet restricted)
rElec    +         Harm     .   S - +2 cloak
rCorr    .         Rampage  .   Q - +3 pair of gloves of Ocva Mec {Int+5}
MR       ++...                  T - +2 pair of boots of the Onion {+Inv}
Stlth    ..........             k - amulet "Toxiof Sum" {Acrobat rC+ Str+6}
HPRegen  0.38/turn              W - ring of Puagroev {*Corrode rElec rF+ Dex+4 SInv}
MPRegen  0.26/turn              N - ring of protection from magic

@: very slow
A: distributed training, fangs 1, horns 1, weak 1, strong nose
}: 2/15 runes: decaying, serpentine
a: Bend Time, Temporal Distortion, Slouch, Step From Time, Renounce Religion,
Evoke Invisibility


You were on level 4 of the Vaults.
You worshipped Cheibriados.
Cheibriados was extremely pleased with you.
You visited 7 branches of the dungeon, and saw 38 of its levels.
You also visited: Bailey.

You collected 7837 gold pieces.
You spent 5858 gold pieces at shops.

Inventory:

Hand Weapons
 m - a +8 broad axe of flaming (weapon)
 o - a +9 demon trident of electrocution
Missiles
 e - 1133 stones (quivered)
 M - 6 throwing nets
Armour
 d - the +13 crystal plate armour "Egont" (worn) {rN++}
   (You found it on level 3 of the Vaults)

   It greatly protects you from negative energy.
 s - a +5 kite shield (worn)
 H - +0 fire dragon scales
 Q - the +3 pair of gloves of Ocva Mec (worn) {Int+5}
   (You bought it in a shop on level 2 of the Orcish Mines)

   It affects your intelligence (+5).
 S - a +2 cloak (worn)
 T - the +2 pair of boots of the Onion (worn) {+Inv}
   (You found it on level 6 of the Lair of Beasts)

   It lets you turn invisible.
Jewellery
 h - an uncursed ring of protection from magic
 i - an uncursed amulet of regeneration
 k - the amulet "Toxiof Sum" (around neck) {Acrobat rC+ Str+6}
   (You acquired it on level 1 of the Snake Pit)

   [amulet of the acrobat]

   It helps you evade while moving and waiting.
   It affects your strength (+6).
   It protects you from cold.
 n - an uncursed ring of see invisible
 r - an uncursed ring of protection from cold
 v - an uncursed ring of resist corrosion
 N - a ring of protection from magic (right hand)
 W - the ring of Puagroev (left hand) {*Corrode rElec rF+ Dex+4 SInv}
   (You acquired it on level 2 of the Elven Halls)

   [ring of protection from fire]

   It affects your dexterity (+4).
   It protects you from fire.
   It insulates you from electricity.
   It lets you see invisible.
   It may corrode you when you take damage.
 X - a +4 ring of slaying
Wands
 a - a wand of iceblast (8)
 t - a wand of digging (14)
 D - a wand of disintegration (11)
 E - a wand of flame (38)
 J - a wand of enslavement (36)
 L - a wand of paralysis (29)
Scrolls
 b - 6 scrolls of vulnerability
 c - 13 scrolls of remove curse
 j - 3 scrolls of summoning
 p - 6 scrolls of immolation
 q - 24 scrolls of teleportation
 u - 6 scrolls of blinking
 x - 6 scrolls of fear
 z - 5 scrolls of identify
 C - 3 scrolls of magic mapping
 G - 2 scrolls of enchant armour
 I - a scroll of silence
 V - 3 scrolls of fog
Potions
 f - 10 potions of curing
 g - 7 potions of mutation
 l - 8 potions of flight
 w - 7 potions of lignification
 A - 3 potions of heal wounds
 B - 2 potions of resistance
 F - 2 potions of magic
 K - 8 potions of might
 P - 3 potions of cancellation
 Y - 4 potions of stabbing
 Z - 2 potions of invisibility
Miscellaneous
 y - a tin of tremorstones (3/3)
 O - a phantom mirror
 R - a box of beasts (3/3)
 U - a condenser vane (2/2)


   Skills:
 + Level 15.3 Fighting
 + Level 14.2 Short Blades
 + Level 14.2 Long Blades
 + Level 15.3 Axes
 + Level 14.2 Maces & Flails
 + Level 14.2 Polearms
 + Level 14.2 Staves
 + Level 14.2 Slings
 + Level 14.2 Bows
 + Level 14.2 Crossbows
 + Level 14.2 Throwing
 + Level 14.7 Armour
 + Level 14.7 Dodging
 + Level 14.2 Stealth
 + Level 14.2 Shields
 + Level 14.2 Unarmed Combat
 + Level 14.2 Spellcasting
 + Level 12.2 Conjurations
 + Level 12.2 Hexes
 + Level 12.2 Summonings
 + Level 12.2 Necromancy
 + Level 12.2 Translocations
 + Level 12.2 Transmutations
 + Level 12.2 Fire Magic
 + Level 12.2 Ice Magic
 + Level 12.2 Air Magic
 + Level 12.2 Earth Magic
 + Level 12.2 Poison Magic
 + Level 15.2 Invocations
 + Level 14.2 Evocations


You had 14 spell levels left.
You knew the following spells:

 Your Spells              Type           Power        Failure   Level
a - Blink                 Tloc           N/A          1%          2
b - Apportation           Tloc           ######       1%          1
c - Orb of Destruction    Conj           #######...   78%         7
d - Iron Shot             Conj/Erth      #######...   24%         6
e - Shadow Creatures      Summ           N/A          24%         6
f - Silence               Hex/Air        #######...   4%          5
g - Dragon Form           Tmut           #######...   78%         7

Your spell library contained the following spells:

 Spells                   Type           Power        Failure   Level
 Animate Skeleton         Necr           ######       1%          1
 Corona                   Hex            #######      1%          1
 Foxfire                  Conj/Fire      ####         1%          1
 Magic Dart               Conj           ####         1%          1
 Summon Small Mammal      Summ           ####         1%          1
 Call Imp                 Summ           #######.     1%          2
 Corpse Rot               Necr/Air       N/A          1%          2
 Ensorcelled Hibernation  Hex/Ice        ######       1%          2
 Slow                     Hex            #######.     1%          2
 Sublimation of Blood     Necr           #######...   1%          2
 Call Canine Familiar     Summ           #######.     1%          3
 Confusing Touch          Hex            #######.     1%          3
 Conjure Flame            Conj/Fire      #######.     1%          3
 Gell's Gravitas          Tloc           #######...   1%          3
 Ignite Poison            Fire/Tmut/Pois #######.     1%          3
 Inner Flame              Hex/Fire       #######.     1%          3
 Lesser Beckoning         Tloc           #######...   1%          3
 Mephitic Cloud           Conj/Pois/Air  #######.     1%          3
 Portal Projectile        Hex/Tloc       ######       1%          3
 Summon Guardian Golem    Hex/Summ       #######.     1%          3
 Teleport Other           Tloc           #######.     1%          3
 Cause Fear               Hex            #######...   1%          4
 Dispel Undead            Necr           #######.     1%          4
 Iskenderun's Mystic Bla  Conj/Tloc      #######.     1%          4
 Leda's Liquefaction      Hex/Erth       #######...   1%          4
 Passage of Golubria      Tloc           N/A          1%          4
 Petrify                  Tmut/Erth      #######.     1%          4
 Summon Ice Beast         Ice/Summ       #######.     1%          4
 Summon Lightning Spire   Summ/Air       #######.     1%          4
 Agony                    Necr           #######.     4%          5
 Bolt of Magma            Conj/Fire/Erth #######...   4%          5
 Borgnjor's Vile Clutch   Necr/Erth      #######...   4%          5
 Excruciating Wounds      Necr           #######...   4%          5
 Fireball                 Conj/Fire      #######...   4%          5
 Iskenderun's Battlesphe  Conj           #######.     4%          5
 Metabolic Englaciation   Hex/Ice        #######...   4%          5
 Summon Demon             Summ           #######...   4%          5
 Summon Forest            Summ/Tloc      #######...   4%          5
 Summon Mana Viper        Hex/Summ       #######.     4%          5
 Yara's Violent Unravell  Hex/Tmut       #######...   4%          5
 Dispersal                Tloc           #######...   24%         6
 Starburst                Conj/Fire      #######...   24%         6
 Malign Gateway           Summ/Tloc      #######...   78%         7
 Monstrous Menagerie      Summ           #######...   78%         7
 Spellforged Servitor     Conj/Summ      #######...   78%         7
 Summon Greater Demon     Summ           #######...   78%         7
 Summon Hydra             Summ           #######...   78%         7
 Discord                  Hex            #######...   100%        8
 Disjunction              Tloc           #######...   100%        8
 Ignition                 Fire           #######...   100%        8
 Summon Horrible Things   Summ           #######...   100%        8
 Dragon's Call            Summ           #######...   100%        9


Dungeon Overview and Level Annotations

Branches:
Dungeon (15/15)            Temple (0/1) D:4            Lair (6/6) D:8
  Swamp (4/4) Lair:3        Snake (4/4) Lair:2        Slime (0/5) Lair:6
    Orc (2/2) D:9             Elf (3/3) Orc:2        Vaults (4/5) D:13
  Crypt (0/3) Vaults:3     Depths (0/5) D:15         Bailey (visited)

Altars:
Ashenzari
Cheibriados
Dithmenos
Elyvilon
Fedhas
Gozag
Kikubaaqudgha
Makhleb
Nemelex Xobeh
Qazlal
Sif Muna
Trog
Uskayaw
Vehumet
Xom
Yredelemnul
Zin
The Shining One
Beogh

Shops:
Orc:2 ?:}[?   Elf:1 =   Snake:1 *([=(   Vaults:1 =   Vaults:3 *

Portals:
Trove: D:10 (show slimy rune of Zot)

Annotations:
D:11 2 runed translucent doors, Yphutt's ghost, journeyman GnSk
Lair:6 exclusion: oklob plant
Snake:4 Bai Suzhen
Orc:1 3 runed translucent doors, Dazliare's ghost, journeyman DsIE
Elf:2 5 runed translucent doors
Elf:3 3 exclusions


Innate Abilities, Weirdness & Mutations

Your experience applies equally to all skills.
You have very sharp teeth.
Your uncanny sense of smell can sniff out nearby items.
You have a pair of small horns on your head.
You are weak. (Str -2)


Message History

That felt strangely unrewarding.
You hit the stone giant but do no damage.
You block the stone giant's attack. The stone giant misses you.
Unknown command.
You slash the stone giant! You burn the stone giant.
You headbutt the stone giant, but do no damage.
The stone giant is severely wounded.
You block the stone giant's attack.
You hit the stone giant but do no damage.
You headbutt the stone giant!
The stone giant is severely wounded.
The stone giant misses you.
You hit the stone giant. You burn the stone giant. You bite the stone giant.
The stone giant is almost dead.
You block the stone giant's attack.
You hit the stone giant. You burn the stone giant.
You headbutt the stone giant, but do no damage.
The stone giant is almost dead.
The stone giant hits you!!!
You die...

.#......#.......#
.#......#.......#
.#......#.......#
8#......####'########
##'#########........#
...........#........#
......<....#........#
...........#........#
...........'....@...#
...........#.....C..#
...........#........#
...........#........#
...........#........#
.........#........#
........#........#
.......##########


You could see a stone giant (berserk).

Vanquished Creatures
  Vashnia (Snake:2)
  Nikola (Snake:1)
  Jorgrun (Orc:2)
  A lich (Vaults:4)
  2 deep elf master archers (Elf:3)
  A deep elf blademaster (Elf:3)
  Agnes (D:14)
  A thorn hunter (Swamp:4)
  2 tengu reavers (Vaults:4)
  Kirke (D:14)
  2 nagarajas
  A deep elf sorcerer (Elf:3)
  A fire giant (Vaults:3)
  2 frost giants
  8 vault wardens
  An orc warlord (Orc:2)
  8 ironheart preservers
  Aizul (Snake:3)
  3 deep elf elementalists (Elf:3)
  6 stone giants
  A war gargoyle (Vaults:3)
  An entropy weaver (Vaults:2)
  2 very ugly things
  6 deep elf annihilators
  6 deep elf demonologists
  8 deep elf death magi (Elf:3)
  11 vault guards
  4 fire dragons
  Harold (D:9)
  10 naga warriors
  2 great orbs of eyes
  4 yaktaur captains
  3 ice dragons (Vaults:2)
  2 rakshasas
  5 boulder beetles
  4 ghost crabs
  2 shambling mangroves (Swamp:2)
  2 deep elf high priests (Elf:3)
  11 anacondas
  8 ogre magi
  A catoblepas (Lair:4)
  22 hydras
  12 dancing weapons
  5 centaur warriors
  26 two-headed ogres
  15 alligators
  7 orc high priests
  A death yak (Lair:5)
  14 naga sharpshooters
  13 deep elf knights
  3 spriggans (Swamp:3)
  A fire crab (Lair:6)
  4 shock serpents
  An iron troll (Elf:3)
  A skeletal warrior (D:15)
  6 deep trolls
  2 unseen horrors
  2 salamander mystics
  8 swamp dragons
  3 spriggan druids
  A glowing orange brain (Vaults:1)
  7 naga ritualists
  19 deep elf archers
  5 wizards
  6 wolf spiders
  48 deep elf magi
  11 ironbrand convokers
  A necromancer (Vaults:1)
  29 orc knights
  10 mana vipers
  18 ugly things
  9 cyclopes
  3 orc sorcerers
  11 salamanders
  2 manticores (D:13)
  9 naga magi
  47 black mambas
  7 elephants
  3 guardian serpents
  2 molten gargoyles (Lair:6)
  A torpor snail (Lair:5)
  22 cane toads
  13 vault sentinels
  Maggie (Lair:1)
  A cane toad (shapeshifter) (Vaults:2)
  A gargoyle (D:11)
  23 komodo dragons
  24 yaktaurs
  A kobold demonologist (D:13)
  2 rime drakes
  4 freezing wraiths
  3 meliai (D:13)
  7 polar bears
  10 trolls
  10 tyrant leeches
  Prince Ribbit (D:9)
  A hornet (shapeshifter) (Vaults:1)
  11 blink frogs
  9 hornets
  A fire giant simulacrum (Vaults:3)
  9 bog bodies
  29 slime creatures
  3 human simulacra
  A centaur simulacrum (D:13)
  Sigmund (D:4)
  10 wyverns
  4 air elementals
  2 shadows
  3 redbacks (Vaults:2)
  A yak (shapeshifter) (Vaults:1)
  33 yaks
  2 vampires
  A fire elemental (Elf:3)
  2 water elementals
  3 wraiths
  9 basilisks
  3 steam dragons
  2 hogs (D:14)
  9 insubstantial wisps
  Edmund (D:4)
  16 vampire mosquitoes
  10 wargs
  3 acid dragons
  33 nagas
  A soldier ant (D:12)
  16 swamp worms
  15 water moccasins
  4 hell hounds (Lair:6)
  11 swamp drakes
  75 orc warriors
  7 black bears
  A tengu skeleton (D:15)
  7 sky beasts
  An ice beast (D:10)
  An orc zombie (Vaults:1)
  A hornet zombie (D:13)
  2 phantoms (D:7)
  43 ogres
  2 eyes of draining
  3 necrophages
  18 wolves
  A human skeleton (Vaults:1)
  23 centaurs
  5 boggarts (Vaults:1)
  2 big kobolds
  A human zombie (Vaults:1)
  19 bullfrogs
  3 earth elementals
  4 scorpions
  5 killer bees (D:9)
  14 wights
  4 electric eels
  2 howler monkeys (D:7)
  5 lava snakes (Lair:6)
  5 centaur zombies
  2 quasits
  3 jellies
  4 bullfrog skeletons
  A bullfrog zombie (D:8)
  44 orc priests
  6 hounds
  18 orc wizards
  6 centaur skeletons
  3 iguanas
  4 hell rats (Lair:2)
  10 worker ants
  3 hound skeletons
  2 worker ant zombies
  7 gnolls (D:5)
  15 adders
  12 river rats (Lair:2)
  3 shadow imps
  4 ufetubi
  2 oozes
  An adder zombie (D:6)
  An adder skeleton (D:9)
  6 worms
  8 leopard geckos
  148 orcs
  5 bats
  2 bat zombies (D:2)
  5 giant cockroaches
  6 goblins
  4 hobgoblins
  15 jackals
  14 kobolds
  5 quokkas
  3 ball pythons
  2 frilled lizards
  12 rats
1556 creatures vanquished.

Vanquished Creatures (collateral kills)
  Saint Roka (Vaults:1)
  2 deep elf sorcerers (Elf:3)
  A deep elf demonologist (Elf:3)
  2 deep elf annihilators (Elf:3)
  A centaur warrior (D:15)
  A death knight (D:15)
  A skeletal warrior (D:15)
  3 orc knights (Bailey)
  2 deep elf magi
  6 ugly things
  A cane toad (Lair:1)
  A freezing wraith (D:15)
  A tyrant leech (Swamp:4)
  2 slime creatures (Swamp:4)
  3 yaks (Lair:5)
  A wraith (D:15)
  A basilisk (Lair:5)
  A vampire mosquito (D:15)
  A swamp worm (Swamp:4)
  5 orc warriors (Bailey)
  An orc wizard (Vaults:3)
  14 orcs
52 creatures vanquished.

Vanquished Creatures (others)
  An alligator (Swamp:4)
  A swamp dragon (Swamp:4)
  An ironbrand convoker (Vaults:3)
  A cyclops (Vaults:2)
  A slime creature (Swamp:2)
  2 yaks (Lair:6)
  A swamp worm (Swamp:4)
  A naga (Snake:3)
  A swamp drake (Swamp:4)
  An orc priest (Orc:2)
  An orc wizard (D:13)
  A bullfrog skeleton (D:13)
  3 orcs (D:13)
  A hobgoblin (D:2)
  2 kobolds (D:2)
  A bush (Lair:5)
  33 fungi
  68 plants
  2 withered plants (D:15)
123 creatures vanquished.

Grand Total: 1731 creatures vanquished

Notes
Turn   | Place    | Note
-------+----------+-------------------------------------------
     0 | D:1      | jasper the Gnoll Berserker began the quest for the Orb.
     0 | D:1      | Reached XP level 1. HP: 23/23 MP: 1/1
   134 | D:1      | Reached XP level 2. HP: 29/29 MP: 2/2
   677 | D:1      | Found a broken altar of Ashenzari.
   717 | D:1      | Reached XP level 3. HP: 35/35 MP: 3/3
  1005 | D:2      | Found a burning altar of Makhleb.
  1076 | D:2      | Found a radiant altar of Vehumet.
  1120 | D:2      | Reached skill level 1 in Invocations
  1128 | D:2      | Reached skill level 1 in Short Blades
  1128 | D:2      | Reached skill level 1 in Long Blades
  1128 | D:2      | Reached skill level 1 in Maces & Flails
  1128 | D:2      | Reached skill level 1 in Polearms
  1128 | D:2      | Reached skill level 1 in Staves
  1128 | D:2      | Reached skill level 1 in Slings
  1128 | D:2      | Reached skill level 1 in Bows
  1128 | D:2      | Reached skill level 1 in Crossbows
  1128 | D:2      | Reached skill level 1 in Throwing
  1128 | D:2      | Reached skill level 1 in Stealth
  1128 | D:2      | Reached skill level 1 in Shields
  1128 | D:2      | Reached skill level 1 in Unarmed Combat
  1128 | D:2      | Reached skill level 1 in Spellcasting
  1128 | D:2      | Reached skill level 1 in Evocations
  1190 | D:2      | Reached XP level 4. HP: 41/41 MP: 5/5
  1286 | D:2      | Reached ** piety under Trog
  1433 | D:2      | Found a shimmering altar of Xom.
  1435 | D:2      | Found a burning altar of Makhleb.
  1435 | D:2      | Found a sparkling altar of Nemelex Xobeh.
  1437 | D:2      | Found a stormy altar of Qazlal.
  1437 | D:2      | Found a blossoming altar of Fedhas.
  1437 | D:2      | Found a shadowy altar of Dithmenos.
  1519 | D:2      | Found an ancient bone altar of Kikubaaqudgha.
  1659 | D:3      | Reached skill level 1 in Conjurations
  1659 | D:3      | Reached skill level 1 in Hexes
  1659 | D:3      | Reached skill level 1 in Summonings
  1659 | D:3      | Reached skill level 1 in Necromancy
  1659 | D:3      | Reached skill level 1 in Translocations
  1659 | D:3      | Reached skill level 1 in Transmutations
  1659 | D:3      | Reached skill level 1 in Fire Magic
  1659 | D:3      | Reached skill level 1 in Ice Magic
  1659 | D:3      | Reached skill level 1 in Air Magic
  1659 | D:3      | Reached skill level 1 in Earth Magic
  1659 | D:3      | Reached skill level 1 in Poison Magic
  1759 | D:3      | Reached XP level 5. HP: 47/47 MP: 5/7
  1962 | D:3      | Found an opulent altar of Gozag.
  2107 | D:3      | Reached XP level 6. HP: 51/53 MP: 8/8
  2521 | D:4      | Found a staircase to the Ecumenical Temple.
  2523 | D:4      | Noticed Sigmund
  2527 | D:4      | Gained mutation: You are weak. (Str -2) [potion of
                  | mutation]
  2527 | D:4      | Gained mutation: You have a pair of small horns on your
                  | head. [potion of mutation]
  2569 | D:4      | Killed Sigmund
  2569 | D:4      | Reached skill level 5 in Armour
  2569 | D:4      | Reached skill level 5 in Dodging
  2569 | D:4      | Reached XP level 7. HP: 59/59 MP: 8/10
  2869 | D:4      | Reached *** piety under Trog
  2995 | D:4      | Found a blossoming altar of Fedhas.
  3002 | D:4      | Noticed Edmund
  3015 | D:4      | Killed Edmund
  3468 | D:5      | Entered Level 5 of the Dungeon
  3497 | D:5      | Reached XP level 8. HP: 67/67 MP: 12/12
  3582 | D:5      | Found a shadowy altar of Dithmenos.
  4024 | D:5      | Found a white marble altar of Elyvilon.
  4025 | D:5      | Found a blossoming altar of Fedhas.
  4229 | D:5      | Found a glowing silver altar of Zin.
  4380 | D:6      | Reached **** piety under Trog
  4636 | D:6      | Reached XP level 9. HP: 72/72 MP: 14/14
  5867 | D:8      | Reached skill level 5 in Invocations
  5887 | D:8      | Found a hide-covered altar of Uskayaw.
  5966 | D:8      | Reached ***** piety under Trog
  6130 | D:8      | Found a sparkling altar of Nemelex Xobeh.
  6161 | D:8      | Found a staircase to the Lair.
  6365 | D:9      | Reached XP level 10. HP: 78/80 MP: 17/17
  6518 | D:9      | Found a broken altar of Ashenzari.
  6579 | D:9      | Noticed Prince Ribbit
  6665 | D:9      | Found a staircase to the Orcish Mines.
  6793 | D:9      | Found a bloodstained altar of Trog.
  6853 | D:9      | Noticed Harold
  6863 | D:9      | Reached skill level 5 in Short Blades
  6863 | D:9      | Reached skill level 5 in Long Blades
  6863 | D:9      | Reached skill level 5 in Maces & Flails
  6863 | D:9      | Reached skill level 5 in Polearms
  6863 | D:9      | Reached skill level 5 in Staves
  6863 | D:9      | Reached skill level 5 in Slings
  6863 | D:9      | Reached skill level 5 in Bows
  6863 | D:9      | Reached skill level 5 in Crossbows
  6863 | D:9      | Reached skill level 5 in Throwing
  6863 | D:9      | Reached skill level 5 in Stealth
  6863 | D:9      | Reached skill level 5 in Shields
  6863 | D:9      | Reached skill level 5 in Unarmed Combat
  6863 | D:9      | Reached skill level 5 in Spellcasting
  6863 | D:9      | Reached skill level 5 in Evocations
  6869 | D:9      | Killed Harold
  6941 | D:9      | Killed Prince Ribbit
  7021 | D:10     | Entered Level 10 of the Dungeon
  7699 | D:10     | Found a portal to a secret trove of treasure.
  7926 | D:11     | Noticed a gargoyle
  7943 | D:11     | Killed a gargoyle
  8288 | D:11     | Found a runed translucent door.
  8294 | D:11     | Noticed a flayed ghost
  8295 | D:11     | Noticed a wolf spider
  8296 | D:11     | Noticed a necromancer
  8296 | D:11     | Noticed a skeletal warrior
  8297 | D:11     | Noticed an eye of devastation
  8297 | D:11     | a dream sheep changed into an eye of devastation
  8297 | D:11     | Noticed a lich
  8298 | D:11     | Noticed Yphutt's ghost (journeyman GnSk)
  8300 | D:11     | an eye of devastation changed into a dream sheep
  8301 | D:11     | Found a runed translucent door.
  8303 | D:11     | Noticed a torpor snail
  8303 | D:11     | a dream sheep changed into a torpor snail
  8309 | D:11     | Noticed a deep troll
  8310 | D:11     | Noticed an elephant
  8310 | D:11     | a deep troll changed into an elephant
  8335 | D:11     | Reached XP level 11. HP: 87/87 MP: 19/19
  8839 | D:11     | Received a gift from Trog
  8843 | D:11     | Noticed a cyan ugly thing
  8955 | Lair:1   | Entered Level 1 of the Lair of Beasts
  8985 | Lair:1   | Noticed a seven-headed hydra
  9001 | Lair:1   | Killed a seven-headed hydra
  9001 | Lair:1   | Reached skill level 5 in Conjurations
  9001 | Lair:1   | Reached skill level 5 in Hexes
  9001 | Lair:1   | Reached skill level 5 in Summonings
  9001 | Lair:1   | Reached skill level 5 in Necromancy
  9001 | Lair:1   | Reached skill level 5 in Translocations
  9001 | Lair:1   | Reached skill level 5 in Transmutations
  9001 | Lair:1   | Reached skill level 5 in Fire Magic
  9001 | Lair:1   | Reached skill level 5 in Ice Magic
  9001 | Lair:1   | Reached skill level 5 in Air Magic
  9001 | Lair:1   | Reached skill level 5 in Earth Magic
  9001 | Lair:1   | Reached skill level 5 in Poison Magic
  9901 | Lair:1   | Noticed Maggie
  9915 | Lair:1   | Killed Maggie
 10734 | Lair:2   | Found a staircase to the Snake Pit.
 11677 | Lair:2   | Reached XP level 12. HP: 87/96 MP: 22/22
 12887 | Lair:3   | Received a gift from Trog
 13145 | Lair:3   | Found a staircase to the Swamp.
 13633 | Lair:4   | Noticed a six-headed hydra
 13637 | Lair:4   | Killed a six-headed hydra
 13637 | Lair:4   | Reached skill level 10 in Fighting
 13637 | Lair:4   | Reached skill level 10 in Axes
 13772 | Lair:4   | You fall into a shaft and drop 2 floors!
 13772 | Lair:6   | Entered Level 6 of the Lair of Beasts
 14208 | Lair:5   | Noticed a death yak
 14217 | Lair:5   | Killed a death yak
 14217 | Lair:5   | Reached XP level 13. HP: 103/103 MP: 24/24
 15615 | Orc:1    | Entered Level 1 of the Orcish Mines
 15739 | Orc:1    | Found a flagged portal.
 15749 | Orc:1    | Got an ebony spear
 15751 | Orc:1    | Identified the +1 spear of Lyaps {pain, rF+ Str+3} (You
                  | found it on level 1 of the Orcish Mines)
 15753 | Bailey   | Entered a bailey
 16091 | Bailey   | Identified 2 scrolls of acquirement
 16091 | Bailey   | Acquired 988 gold pieces
 16092 | Bailey   | Acquired a +5 demon trident of electrocution
 16424 | Orc:1    | Found a runed translucent gate.
 16425 | Orc:1    | Found a runed translucent gate.
 16426 | Orc:1    | Found a runed translucent gate.
 16426 | Orc:1    | Noticed Dazliare's ghost (journeyman DsIE)
 16618 | Orc:2    | Entered Level 2 of the Orcish Mines
 16618 | Orc:2    | Found a roughly hewn altar of Beogh.
 16674 | Orc:2    | Found a staircase to the Elven Halls.
 16696 | Orc:2    | Received a gift from Trog
 16942 | Orc:2    | Found Goaps's Magic Scroll Boutique.
 17146 | Orc:2    | Noticed an orc warlord
 17159 | Orc:2    | Killed an orc warlord
 17534 | Orc:2    | Reached XP level 14. HP: 111/111 MP: 26/26
 17590 | Orc:2    | Reached skill level 10 in Armour
 17590 | Orc:2    | Reached skill level 10 in Dodging
 17818 | Orc:2    | Received a gift from Trog
 18102 | Orc:2    | Found Voiwacva's Armour Emporium.
 18103 | Orc:2    | Found Qyeddio's Magic Scroll Emporium.
 18103 | Orc:2    | Found Hiym Nyo's Book Shoppe.
 18104 | Orc:2    | Found Kaih's Gadget Emporium.
 18114 | Orc:2    | Bought the +3 pair of gloves of Ocva Mec {Int+5} for 555
                  | gold pieces
 18128 | Orc:2    | Bought a scroll of teleportation for 39 gold pieces
 18128 | Orc:2    | Bought a scroll of enchant armour for 97 gold pieces
 18128 | Orc:2    | Bought a scroll of blinking for 97 gold pieces
 18128 | Orc:2    | Bought a scroll of teleportation for 39 gold pieces
 18129 | Orc:2    | Bought a tin of tremorstones (3/3) for 520 gold pieces
 18129 | Orc:2    | Bought a tin of tremorstones (3/3) for 520 gold pieces
 18788 | Lair:5   | Reached skill level 10 in Invocations
 19295 | Lair:6   | Acquired 853 gold pieces
 19625 | Lair:6   | Found a radiant altar of Vehumet.
 19655 | Lair:6   | Got a pair of slimy boots
 19661 | Lair:6   | Identified the +2 pair of boots of the Onion {+Inv} (You
                  | found it on level 6 of the Lair of Beasts)
 19844 | Lair:6   | Found a staircase to the Slime Pits.
 19923 | Lair:6   | Found a large runed translucent door.
 20072 | Lair:6   | Found a large runed translucent door.
 21145 | D:12     | Received a gift from Trog
 21302 | D:12     | Reached XP level 15. HP: 119/119 MP: 28/28
 21793 | D:13     | Found a gate to the Vaults.
 22414 | D:13     | Reached skill level 10 in Short Blades
 22414 | D:13     | Reached skill level 10 in Long Blades
 22414 | D:13     | Reached skill level 10 in Maces & Flails
 22414 | D:13     | Reached skill level 10 in Polearms
 22414 | D:13     | Reached skill level 10 in Staves
 22414 | D:13     | Reached skill level 10 in Slings
 22414 | D:13     | Reached skill level 10 in Bows
 22414 | D:13     | Reached skill level 10 in Crossbows
 22414 | D:13     | Reached skill level 10 in Throwing
 22414 | D:13     | Reached skill level 10 in Stealth
 22414 | D:13     | Reached skill level 10 in Shields
 22414 | D:13     | Reached skill level 10 in Unarmed Combat
 22414 | D:13     | Reached skill level 10 in Spellcasting
 22414 | D:13     | Reached skill level 10 in Evocations
 22716 | D:14     | Noticed Kirke
 22723 | D:14     | Killed Kirke
 22943 | D:14     | Found a glowing golden altar of the Shining One.
 23130 | D:14     | Noticed Agnes
 23146 | D:14     | Killed Agnes
 23146 | D:14     | Received a gift from Trog
 23294 | D:15     | Entered Level 15 of the Dungeon
 23351 | D:15     | Found a staircase to the Depths.
 23661 | Swamp:1  | Entered Level 1 of the Swamp
 24473 | Swamp:1  | Reached XP level 16. HP: 99/127 MP: 30/30
 24838 | Swamp:2  | Reached ****** piety under Trog
 25059 | Swamp:2  | Received a gift from Trog
 25630 | Swamp:2  | Found a snail-covered altar of Cheibriados.
 26925 | Swamp:4  | Entered Level 4 of the Swamp
 26939 | Swamp:3  | Received a gift from Trog
 27505 | Swamp:4  | Noticed a thorn hunter
 27508 | Swamp:4  | Killed a thorn hunter
 27514 | Swamp:4  | Reached XP level 17. HP: 135/135 MP: 32/32
 27548 | Swamp:4  | Got a decaying rune of Zot
 27836 | Snake:1  | Entered Level 1 of the Snake Pit
 27985 | Snake:1  | Noticed Nikola
 28003 | Snake:1  | Killed Nikola
 28451 | Snake:1  | Received a gift from Trog
 28649 | Snake:1  | Identified the +10 quarterstaff "Wastol" {vorpal, +Blink
                  | rN+ SInv Stlth+} (Trog gifted it to you on level 1 of the
                  | Snake Pit)
 28654 | Snake:1  | Acquired 820 gold pieces
 28655 | Snake:1  | Acquired the amulet "Toxiof Sum" {Acrobat rC+ Str+6}
 28762 | Snake:1  | Found Bujeis's Antique Weapon Shop.
 28858 | Snake:1  | Found Peinug's Armour Shoppe.
 28858 | Snake:1  | Found Tozuurph's Jewellery Shoppe.
 28862 | Snake:1  | Found Xyazar's General Store.
 28863 | Snake:1  | Found Lutwusm's Weapon Shoppe.
 28880 | Snake:1  | Bought 2 potions of haste for 240 gold pieces
 28880 | Snake:1  | Bought a scroll of teleportation for 36 gold pieces
 29075 | Snake:2  | You fall into a shaft and drop 1 floor!
 29198 | Snake:2  | Reached skill level 10 in Conjurations
 29198 | Snake:2  | Reached skill level 10 in Hexes
 29198 | Snake:2  | Reached skill level 10 in Summonings
 29198 | Snake:2  | Reached skill level 10 in Necromancy
 29198 | Snake:2  | Reached skill level 10 in Translocations
 29198 | Snake:2  | Reached skill level 10 in Transmutations
 29198 | Snake:2  | Reached skill level 10 in Fire Magic
 29198 | Snake:2  | Reached skill level 10 in Ice Magic
 29198 | Snake:2  | Reached skill level 10 in Air Magic
 29198 | Snake:2  | Reached skill level 10 in Earth Magic
 29198 | Snake:2  | Reached skill level 10 in Poison Magic
 29809 | Snake:3  | Noticed Vashnia
 30064 | Snake:2  | Killed Vashnia
 30622 | Snake:3  | Reached XP level 18. HP: 143/143 MP: 33/33
 31787 | Snake:3  | Received a gift from Trog
 31960 | Snake:3  | Noticed Aizul
 31973 | Snake:3  | Killed Aizul
 32222 | Snake:4  | Entered Level 4 of the Snake Pit
 33277 | Snake:4  | Noticed Bai Suzhen
 33299 | Snake:4  | Got a serpentine rune of Zot
 33593 | Elf:1    | Entered Level 1 of the Elven Halls
 33603 | Elf:1    | Noticed Jorgrun
 33811 | Vaults:1 | Entered Level 1 of the Vaults
 34096 | Vaults:1 | Received a gift from Trog
 34455 | Vaults:1 | Reached XP level 19. HP: 98/151 MP: 35/35
 35304 | Vaults:1 | Noticed Saint Roka
 35323 | Vaults:1 | Killed Saint Roka
 35551 | Vaults:1 | Received a gift from Trog
 35573 | Vaults:1 | Found Ustriesto's Jewellery Boutique.
 35890 | Vaults:1 | Got a fine marble ring
 35892 | Vaults:1 | Identified the ring of the Peasants {+Fly rF- MR+ Str+7
                  | SInv} (You found it on level 1 of the Vaults)
 36315 | Vaults:2 | Found a roughly hewn altar of Beogh.
 36752 | Vaults:2 | Received a gift from Trog
 37026 | Vaults:2 | Acquired 425 gold pieces
 37814 | Vaults:2 | Reached XP level 20. HP: 117/160 MP: 37/37
 37901 | Vaults:2 | Received a gift from Trog
 39325 | Orc:2    | Bought a book of the Warp for 1260 gold pieces
 39325 | Orc:2    | Bought a book of Spatial Translocations for 910 gold pieces
 39325 | Orc:2    | Bought a Grand Grimoire for 1545 gold pieces
 39624 | Swamp:2  | Fell from the grace of Trog
 39624 | Swamp:2  | Became a worshipper of Cheibriados the Contemplative
 40204 | Orc:2    | Killed Jorgrun
 40553 | Orc:2    | Learned a level 2 spell: Blink
 40555 | Orc:2    | Learned a level 1 spell: Apportation
 40563 | Orc:2    | Learned a level 7 spell: Orb of Destruction
 40570 | Orc:2    | Learned a level 6 spell: Iron Shot
 41005 | Elf:1    | Reached * piety under Cheibriados
 41364 | Elf:1    | Identified the Volume of Battle Magic
 41427 | Elf:1    | Learned a level 6 spell: Shadow Creatures
 41665 | Elf:1    | Found a shimmering blue altar of Sif Muna.
 41990 | Elf:1    | Found Luisow's Jewellery Shop.
 42387 | Elf:2    | Learned a level 5 spell: Silence
 42412 | Elf:2    | Reached ** piety under Cheibriados
 42414 | Elf:2    | Acquired the ring of Puagroev {*Corrode rElec rF+ Dex+4
                  | SInv}
 42729 | Elf:2    | Found a huge runed translucent gate.
 42729 | Elf:2    | Found a huge runed translucent gate.
 42738 | Elf:2    | Found a huge runed translucent gate.
 42750 | Elf:2    | Found a huge runed translucent gate.
 42750 | Elf:2    | Found a huge runed translucent gate.
 42777 | Elf:3    | Entered Level 3 of the Elven Halls
 43688 | Elf:3    | Reached *** piety under Cheibriados
 43920 | Elf:3    | Identified the +7 battleaxe of the Ancients {drain, Str+2}
 44356 | Elf:3    | Identified the +6 lajatang "Caripank" {venom, Str+4}
 44868 | Elf:3    | Identified the +6 flail of Wrongful Imprisonment {vorpal,
                  | MR+}
 44946 | Elf:3    | Identified the cursed +1 war axe "Ruschuu" {freeze, Int+3}
 44960 | Elf:3    | Reached **** piety under Cheibriados
 45619 | Elf:3    | Noticed a Tzitzimitl
 45767 | Elf:3    | Identified the +6 falchion of Zaateym {elec, *Noise rPois
                  | Int+7}
 45796 | Elf:3    | Reached XP level 21. HP: 129/167 MP: 26/38
 46068 | Elf:3    | Found the +6 shillelagh "Devastator" {shatter}
 46248 | Elf:3    | Learned a level 7 spell: Dragon Form
 47314 | Vaults:3 | Reached skill level 15 in Fighting
 47314 | Vaults:3 | Reached skill level 15 in Axes
 47379 | Vaults:3 | Reached ***** piety under Cheibriados
 47584 | Vaults:3 | Found Tuck's Assorted Antiques.
 47763 | Vaults:3 | Reached skill level 15 in Invocations
 47779 | Vaults:3 | Identified the +13 crystal plate armour "Egont" {rN++} (You
                  | found it on level 3 of the Vaults)
 49050 | Vaults:3 | Found a staircase to the Crypt.
 49050 | Vaults:3 | Found a basalt altar of Yredelemnul.
 49051 | Vaults:3 | Found an ancient bone altar of Kikubaaqudgha.
 49849 | Vaults:4 | Slain by a stone giant

Illustrated notes

Levels and vault maps discovered:
D:1:      kennysheep_arrival_seaside, layout_loops_ring, evilmike_ruin_ashenzari
D:2:      layout_rooms, nicolae_overflow_crystal_walls,
          lemuel_zombie_altar_kikubaaqudgha, fiery_altar_vehumet,
          doesnt_xom_only_xom
D:3:      layout_basic, lemuel_statue_altar
D:4:      layout_loops_corners, temple_doors_e, fedhas_ov_isle_minmay,
          uniq_sigmund, uniq_edmund
D:5:      layout_cave_pools, gammafunk_temple_overflow_forgotten,
          grunt_dithmenos_smoke_and_mirrors
D:6:      layout_loops_ring
D:7:      layout_rooms
D:8:      layout_rooms, kennysheep_mini, overflow_temple_1_default,
          grunt_lair_entry_orc_guard_hut
D:9:      layout_basic, kennysheep_little_box, orc_0_dummy, trog_book,
          uniq_prince_ribbit1, uniq_harold
D:10:     layout_basic, nicolae_trove_entry_diagonal
D:11:     layout_loops_ring, muffindrake_ghost_dual_entry
D:12:     layout_gridville, minmay_misc_feat_pillars
D:13:     layout_loops_cross, lightli_vaults_fourway_checkpoint, st_stairs_13,
          lemuel_flamethrower_2
D:14:     layout_roguey [special_room_orc], kennysheep_big_empty_room,
          lemuel_tele_altar, uniq_agnes, uniq_kirke
D:15:     gammafunk_depths_entry_grave, layout_basic, basic_altar,
          chequers_serial_rivers_room_a, minmay_misc_feat_five
Lair:1:   layout_cave_pods, uniq_maggie
Lair:2:   layout_big_grid, minmay_snake_entry_six_corridors, st_stairs_3,
          chequers_serial_rivers_large_b, kennysheep_abandoned_house
Lair:3:   layout_gridlike, swamp_mist, lemuel_fruit_tree
Lair:4:   layout_gridlike, infiniplex_staircase_pool, serial_bayou_shore_b,
          serial_bayou_shore_a, lemuel_fruit_fields
Lair:5:   layout_gridlike, nzn_random_ring
Lair:6:   cheibrodos_lair_end_hotspot, layout_concentric_octagons,
          minmay_slime_entry_oklob_enclosed, basic_altar, serial_forest,
          infiniplex_forest_clump_long, infiniplex_forest_lined_corner,
          infiniplex_forest_end_1, infiniplex_forest_straight_4,
          hibernation_bobbens
Swamp:1:  layout_basic_swamp, serial_swamp_ruin, evilmike_swamp_ruin_house_4,
          evilmike_swamp_ruin_house_5, evilmike_swamp_ruin_house_2
Swamp:2:  layout_basic_swamp, basic_altar, water_boxes_lemuel
Swamp:3:  layout_basic_swamp, nicolae_swamp_triple_paths
Swamp:4:  swamp, layout_basic_swamp
Snake:1:  layout_misc_corridors, serial_shops, nicolae_shop_stone,
          minmay_shop_grid_forest, st_stairs_14, uniq_nikola
Snake:2:  layout_misc_corridors
Snake:3:  layout_grid_maze, uniq_aizul, uniq_vashnia
Snake:4:  snake_pit, layout_misc_corridors, special_room, uniq_bai_suzhen
Orc:1:    layout_caves, enter_bailey_2, ebering_ghost_rock_garden
Orc:2:    st_orc_pillars, layout_diamond_mine, basic_altar, serial_shops,
          nicolae_shop_waterfront
Elf:1:    minmay_elf_arrival_plus, layout_onion_city, basic_altar,
          minmay_elf_sorcery, minmay_shop_enchanted_jewellery, uniq_jorgrun
Elf:2:    layout_geoelf_diagonals
Elf:3:    grunt_elf_hall_diamonds, layout_onion_city,
          ebering_dispersal_statue_hall, nicolae_elf_v_pinch
Vaults:1: v_misc_24, vaults_room_fancy_cross, v_alt_pattern_6, v_misc_4,
          v_pattern_5, hangedman_vaults_nodes, nicolae_vaults_little_ls,
          v_misc_30, ontoclasm_vaults_chip, layout_vaults_big_room,
          serial_shops, shop_fountains, uniq_saint_roka
Vaults:2: special_room_vaults [special_room_orc],
          hangedman_vaults_stretched_pinwheel, ontoclasm_vaults_ligature,
          v_misc_8, v_misc_4, v_rooms_2, v_alt_pattern_5, v_misc_5, v_misc_16,
          ontoclasm_vaults_idyll, v_rooms_5, vaults_mumra_minichess_inversion,
          vaults_room_semicircle, layout_vaults_maze_bifur, uniq_margery
Vaults:3: v_misc_9, v_misc_27, grunt_vaults_swirl, st_more_cells,
          minmay_crypt_entry_necro_gods, nicolae_vaults_circle_grid_a,
          ontoclasm_vaults_ring_square, ontoclasm_vaults_tryst,
          nicolae_vaults_little_squares_5, nicolae_vaults_diagonal_hallway_9,
          vaults_standard_mumra_x, vaults_dpeg_diagonal,
          nicolae_vaults_three_branches, nicolae_vaults_little_squares_3,
          layout_vaults_omnicross, serial_shops, shop
Vaults:4: biasface_vaults_ghost_orc_armoury, hangedman_vaults_maws,
          grunt_vaults_hallway_long, hangedman_vaults_trim,
          ontoclasm_vaults_gallery, v_pattern_3, v_misc_33,
          nicolae_vaults_little_squares_6, v_misc_30, grunt_vaults_twisty,
          v_misc_13, grunt_vaults_hallway_long, vaults_room_ringed_pool,
          grunt_vaults_diagonal, grunt_vaults_hallway_short,
          layout_vaults_omnibox

Skill      XL: |  1  2  3  4  5  6  7  8  9 10 11 12 13 14 15 16 17 18 19 20 21 |
---------------+----------------------------------------------------------------+-----
Invocations    | 1 2 3 4 5 6 7 8 9 10 11 12 13 14 15 | 15.2
Short Blades   | 1 2 3 4 5 6 7 8 9 10 11 12 13 14 | 14.2
Long Blades    | 1 2 3 4 5 6 7 8 9 10 11 12 13 14 | 14.2
Maces & Flails | 1 2 3 4 5 6 7 8 9 10 11 12 13 14 | 14.2
Polearms       | 1 2 3 4 5 6 7 8 9 10 11 12 13 14 | 14.2
Staves         | 1 2 3 4 5 6 7 8 9 10 11 12 13 14 | 14.2
Slings         | 1 2 3 4 5 6 7 8 9 10 11 12 13 14 | 14.2
Bows           | 1 2 3 4 5 6 7 8 9 10 11 12 13 14 | 14.2
Crossbows      | 1 2 3 4 5 6 7 8 9 10 11 12 13 14 | 14.2
Throwing       | 1 2 3 4 5 6 7 8 9 10 11 12 13 14 | 14.2
Stealth        | 1 2 3 4 5 6 7 8 9 10 11 12 13 14 | 14.2
Shields        | 1 2 3 4 5 6 7 8 9 10 11 12 13 14 | 14.2
Unarmed Combat | 1 2 3 4 5 6 7 8 9 10 11 12 13 14 | 14.2
Spellcasting   | 1 2 3 4 5 6 7 8 9 10 11 12 13 14 | 14.2
Evocations     | 1 2 3 4 5 6 7 8 9 10 11 12 13 14 | 14.2
Conjurations   | 1 2 3 4 5 6 7 8 9 10 11 12 | 12.2
Hexes          | 1 2 3 4 5 6 7 8 9 10 11 12 | 12.2
Summonings     | 1 2 3 4 5 6 7 8 9 10 11 12 | 12.2
Necromancy     | 1 2 3 4 5 6 7 8 9 10 11 12 | 12.2
Translocations | 1 2 3 4 5 6 7 8 9 10 11 12 | 12.2
Transmutations | 1 2 3 4 5 6 7 8 9 10 11 12 | 12.2
Fire Magic     | 1 2 3 4 5 6 7 8 9 10 11 12 | 12.2
Ice Magic      | 1 2 3 4 5 6 7 8 9 10 11 12 | 12.2
Air Magic      | 1 2 3 4 5 6 7 8 9 10 11 12 | 12.2
Earth Magic    | 1 2 3 4 5 6 7 8 9 10 11 12 | 12.2
Poison Magic   | 1 2 3 4 5 6 7 8 9 10 11 12 | 12.2
Armour         | 5 6 7 8 9 10 11 12 13 14 | 14.7
Dodging        | 5 6 7 8 9 10 11 12 13 14 | 14.7
Fighting       | 7 8 9 10 11 12 13 14 15 | 15.3
Axes           | 7 8 9 10 11 12 13 14 15 | 15.3

Action                   |  1- 3 |  4- 6 |  7- 9 | 10-12 | 13-15 | 16-18 | 19-21 || total
-------------------------+-------+-------+-------+-------+-------+-------+-------++-------
Melee: Hand axe          |    95 |    53 |       |       |       |       |       ||   148
       Bite              |     7 |    14 |    41 |    80 |   118 |   108 |   193 ||   561
       War axe           |       |    72 |   290 |   588 |   174 |       |       ||  1124
       Punch             |       |     2 |       |       |       |       |     1 ||     3
       Headbutt          |       |       |    69 |   151 |   225 |   200 |   342 ||   987
       Flail             |       |       |       |     7 |       |       |       ||     7
       Demon trident     |       |       |       |       |   924 |   945 |  1316 ||  3185
       Broad axe         |       |       |       |       |       |    77 |    26 ||   103
       Unarmed           |       |       |       |       |       |       |     8 ||     8
       Tailslap          |       |       |       |       |       |       |     1 ||     1
Throw: Boomerang         |     8 |    37 |   103 |    93 |       |       |       ||   241
       Stone             |       |       |       |    56 |     5 |    22 |       ||    83
 Cast: Shadow Creatures  |       |       |       |       |       |       |    34 ||    34
       Blink             |       |       |       |       |       |       |     3 ||     3
       Dragon Form       |       |       |       |       |       |       |     1 ||     1
Invok: Berserk           |     2 |     3 |    11 |    23 |    21 |    12 |     1 ||    73
       Trog's Hand       |       |       |     1 |     2 |     5 |    13 |     3 ||    24
       Brothers in Arms  |       |       |       |     2 |     4 |     3 |       ||     9
       Slouch            |       |       |       |       |       |       |     5 ||     5
 Abil: Evoke Invisibilit |       |       |       |       |       |       |     1 ||     1
Evoke: Wand              |       |       |       |    16 |     9 |    14 |     3 ||    42
       Condenser vane    |       |       |       |     4 |     2 |    10 |    11 ||    27
       Box of beasts     |       |       |       |       |     3 |     1 |     3 ||     7
       Tin of tremorston |       |       |       |       |       |    14 |     7 ||    21
  Use: Potion            |       |     6 |       |       |     1 |     2 |     6 ||    15
       Scroll            |       |       |    15 |     5 |    18 |    13 |    19 ||    70
 Stab: Sleeping          |     2 |       |       |     4 |    26 |    16 |    33 ||    81
       Paralysed         |       |       |       |     4 |       |       |       ||     4
       Distracted        |       |       |       |     2 |     4 |     2 |    10 ||    18
       Petrified         |       |       |       |       |     1 |       |       ||     1
Armor: Animal skin       |    17 |       |       |       |       |       |       ||    17
       Chain mail        |    11 |    60 |    93 |       |       |       |       ||   164
       Skin              |       |    26 |       |       |       |       |     2 ||    28
       Scale mail        |       |       |    35 |    57 |       |       |       ||    92
       Swamp dragon scal |       |       |       |    70 |   184 |   224 |    37 ||   515
       Fire dragon scale |       |       |       |       |       |       |    64 ||    64
       Crystal plate arm |       |       |       |       |       |       |    25 ||    25
Dodge: Dodged            |    71 |    63 |   113 |   271 |   462 |   482 |   501 ||  1963
Block: Kite shield       |       |       |   149 |   294 |   446 |   452 |   567 ||  1908

Table legend: (Time is in decaauts)
 A = Elapsed time spent in this place.
 B = Non-inter-level travel time spent in this place.
 C = Inter-level travel time spent in this place.
 D = Time resting spent in this place.
 E = Time spent auto-exploring this place.
 F = Levels seen in this place.
 G = Mean time per level.
                   A        B        C        D        E       F      G
               +--------+--------+--------+--------+--------+-----+--------+
         Total |  52597 |  47900 |   4697 |   9083 |  28770 |  39 | 1348.6 |
       Dungeon |  13578 |  11857 |   1721 |   1092 |   8253 |  15 |  905.2 |
          Lair |  10238 |   8935 |   1303 |    987 |   6233 |   6 | 1706.3 |
         Swamp |   4430 |   4032 |    398 |    712 |   2432 |   4 | 1107.5 |
     Snake Pit |   5297 |   5045 |    252 |    913 |   3242 |   4 | 1324.2 |
  Orcish Mines |   3421 |   2906 |    515 |   1259 |   1000 |   2 | 1710.5 |
   Elven Halls |   7311 |   7153 |    158 |   3067 |   2541 |   3 | 2437.0 |
        Vaults |   7949 |   7601 |    348 |   1004 |   4908 |   4 | 1987.2 |
        Bailey |    369 |    369 |      0 |     45 |    160 |   1 |  369.0 |
               +--------+--------+--------+--------+--------+-----+--------+

Top non-repeatable levels by time:
   Elf:3: 4216 daAuts
Vaults:2: 2814 daAuts
  Lair:2: 2641 daAuts
Vaults:3: 2640 daAuts
 Snake:3: 2238 daAuts
   Orc:2: 2112 daAuts
   Elf:1: 1944 daAuts
  Lair:1: 1912 daAuts
Vaults:1: 1909 daAuts
 Swamp:2: 1663 daAuts
  Lair:6: 1582 daAuts
  Lair:3: 1534 daAuts
    D:11: 1425 daAuts
    D:13: 1411 daAuts
  Lair:4: 1345 daAuts
